 Dungeon Crawl Stone Soup version 0.14-a0-3315-g09e681a (webtiles) character file.

476 4tharraofdagon the Chopper (level 6, -10/62 HPs)
             Began as a Troll Berserker on Mar 15, 2014.
             Was a Believer of Trog.
             Mangled by a gnoll
             ... wielding a +0,+0 halberd
              (11 damage)
             ... while paralysed by a potion of paralysis
             ... on Level 5 of the Dungeon.
             The game lasted 00:04:51 (709 turns).

4tharraofdagon the Chopper (Troll Berserker)         Turns: 709, Time: 00:04:51

HP -10/62        AC  5     Str 28      XL: 6   Next: 77%
MP   3/3         EV  1     Int  3      God: Trog [**....]
Gold 19          SH  0     Dex  8 (9)  Spells:  0 memorised,  5 levels left

rFire  . . .     SeeInvis .     a - +0 hand axe
rCold  . . .     Clarity  .     b - +0 animal skin
rNeg   . . .     Conserve .     (shield restricted)
rPois  .         rCorr    .     (helmet restricted)
rElec  .         rRot     .     (no cloak)
SustAb . .       Spirit   .     (gloves unavailable)
rMut   .         Warding  .     (boots unavailable)
Gourm  +         Stasis   .     (no amulet)
MR     ++...                    (no ring)
                                h - ring of sustenance

@: paralysed, regenerating, exhausted, slowed, very resistant to hostile
enchantments, very unstealthy
A: unfitting armour, claws 3, fast metabolism 3, gourmand, regeneration 2,
saprovore 2, shaggy fur 1, tough skin 2
a: Burn Spellbooks, Berserk, Trog's Hand, Renounce Religion


You were on level 5 of the Dungeon.
You worshipped Trog.
Trog was pleased with you.
You were full.

You visited 1 branch of the dungeon, and saw 5 of its levels.

You collected 19 gold pieces.

Inventory:

Hand weapons
 a - a +0,+0 hand axe (weapon)
 l - a +0,+0 giant club
Missiles
 d - 16 darts of frost (quivered)
Armour
 b - a +0 animal skin (worn)
Comestibles
 c - 3 meat rations
 k - a honeycomb
Scrolls
 e - a scroll of teleportation
 f - a scroll of fear {unknown}
 i - a scroll of fog {unknown}
 j - a scroll of noise {unknown}
 n - a scroll of remove curse {unknown}
Jewellery
 h - a ring of sustenance (left claw)
 m - an uncursed amulet of warding {unknown}
Potions
 g - a potion of degeneration
 o - a potion of paralysis


   Skills:
 + Level 3.7 Fighting
 * Level 5.0 Axes
 + Level 2.4 Armour
 - Level 2.6 Dodging


You had 5 spell levels left.
You didn't know any spells.

Dungeon Overview and Level Annotations

Branches:
Dungeon (5/15)
 Temple: D:4-7

Altars:


Innate Abilities, Weirdness & Mutations

You are too large for most types of armour.
You have claws for hands.
Your metabolism is lightning-fast.
You like to eat raw meat.
You heal very quickly.
You can eat rotten meat.
You are covered in fur (AC +1).
You have very tough skin (AC +2).


Message History

Unknown command.
Unknown command.
You hit the gnoll but do no damage.
The gnoll is severely wounded.
The gnoll hits you from afar with a halberd.
* * * LOW HITPOINT WARNING * * *
The gnoll hits you from afar with a spear.
* * * LOW HITPOINT WARNING * * *
The gnoll barely misses you.
The gnoll hits you from afar with a spear!
* * * LOW HITPOINT WARNING * * *
The gnoll misses you.
Unknown command.
Drink which item? (? for menu, Esc to quit)
You suddenly lose the ability to move!
It was a potion of paralysis.
The gnoll completely misses you.
The gnoll hits you from afar with a spear.
* * * LOW HITPOINT WARNING * * *
The gnoll hits you from afar with a halberd!
You die...

#.........#
#.........#
#.........#
#.........#
#.........#
#.....(.(.#
#......)..#
######.....()..####
......g.@............
.......g............
.....g..............
......$............
.......[..........
................
..............
.........!. .........


You could see 3 gnolls.

Vanquished Creatures
  The ghost of 4tharraofdagon the Skirmisher, an average CeFi of the Shining One (D:5)
  An ogre (D:4)
  A centaur (D:5)
  A centaur zombie (D:5)
  A hound (D:4)
  An orc priest (D:3)
  An orc wizard (D:3)
  A gnoll (D:5)
  A shadow imp (D:5)
  2 adders (D:4)
  2 giant geckos
  An ooze (D:4)
  7 orcs
  4 bats
  3 goblins
  A ball python (D:3)
  2 giant newts
  10 kobolds
  An orc zombie (D:5)
  6 rats
48 creatures vanquished.

Notes
Turn   | Place    | Note
--------------------------------------------------------------
     0 | D:1      | 4tharraofdagon, the Troll Berserker, began the quest for the Orb.
     0 | D:1      | Reached XP level 1. HP: 22/22 MP: 1/1
   225 | D:1      | Reached XP level 2. HP: 13/29 MP: 1/1
   397 | D:3      | Reached skill level 3 in Axes
   397 | D:3      | Reached XP level 3. HP: 28/36 MP: 2/2
   398 | D:3      | Acquired Trog's second power
   400 | D:3      | Reached skill level 1 in Armour
   478 | D:3      | Reached XP level 4. HP: 30/45 MP: 2/2
   526 | D:4      | Noticed an ogre
   532 | D:4      | Killed an ogre
   532 | D:4      | Reached skill level 4 in Axes
   532 | D:4      | Reached XP level 5. HP: 53/53 MP: 2/2
   563 | D:5      | Entered Level 5 of the Dungeon
   563 | D:5      | Noticed 4tharraofdagon's ghost (average CeFi)
   589 | D:5      | Killed 4tharraofdagon's ghost
   589 | D:5      | Reached XP level 6. HP: 61/61 MP: 3/3
   599 | D:4      | Noticed a phantom
   674 | D:5      | Noticed a centaur
   682 | D:5      | Killed a centaur
   691 | D:5      | Reached skill level 5 in Axes
   709 | D:5      | Paralysed by a potion of paralysis for 3 turns
   709 | D:5      | HP: 1/62 [gnoll/spear (5)]
   709 | D:5      | Mangled by a gnoll

Action                   |  1- 3 |  4- 6 || total
-------------------------+-------+-------++-------
Melee: Hand axe          |    84 |    65 ||   149
Invok: Berserk           |     1 |     3 ||     4
       Trog's Hand       |     2 |     3 ||     5
  Use: Potion            |     1 |     1 ||     2
       Scroll            |       |     1 ||     1
